 Dungeon Crawl Stone Soup version 0.31-a0-1178-gc5c9b8f871 (webtiles) character file.

Game seed: 10568859030087670726

100 qw the Shooter (level 4, -2/28 HPs)
             Began as a Gargoyle Hunter on Dec 11, 2023.
             Slain by Pargi (3 damage)
             ... on level 3 of the Dungeon.
             The game lasted 00:00:45 (1720 turns).

qw the Shooter (Gargoyle Hunter)                    Turns: 1720, Time: 00:00:45

Health: -2/28      AC: 10    Str: 15    XL:     4   Next: 74%
Magic:  0/4        EV: 11    Int:  9    God:
Gold:   143        SH:  0    Dex: 15    Spells: 3/3 levels left

rFire   . . .        a - +0 shortbow
rCold   . . .        (shield currently unavailable)
rNeg    + . .        d - +0 ring mail
rPois   inf          (no helmet)
rElec   +            (no cloak)
rCorr   .            e - +0 pair of gloves
SInv    .            h - +0 pair of boots
Will    ++...        c - amulet of guardian spirit
Stlth   +            j - ring of willpower
HPRegen 0.24/turn    (no ring)
MPRegen 0.09/turn

%: guardian spirit
@: brilliant, about to teleport, attractive, enlightened, flying
A: sickness immunity, AC +3, negative energy resistance 1, electricity
resistance, torment resistance 1, petrification resistance
a: no special abilities


You were on level 3 of the Dungeon.
You visited 1 branch of the dungeon, and saw 3 of its levels.

You collected 143 gold pieces.


Innate Abilities, Weirdness & Mutations

You are immune to sickness and miasma.
Your stone body is resilient. (AC +3)
You are immune to poison.
You resist negative energy. (rN+)
You are resistant to electric shocks. (rElec)
You are resistant to unholy torment.
You are immune to petrification.


   Skills:
 - Level 3.1 Fighting
 + Level 5.4 Ranged Weapons
 - Level 1.0 Armour
 - Level 1.5 Dodging
 - Level 1.1 Stealth


You had 3 spell levels left.
You didn't know any spells.
Your spell library was empty.

Inventory:

Hand Weapons
 a - a +0 shortbow (weapon)
Armour
 d - a +0 ring mail (worn)
 e - a +0 pair of gloves (worn)
 h - a +0 pair of boots (worn)
Jewellery
 c - an amulet of guardian spirit (around neck)
 j - a ring of willpower (left hand)
Wands
 i - a wand of roots (5)
Scrolls
 g - 4 scrolls of teleportation
 l - a scroll of noise {unknown}

Dungeon Overview and Level Annotations

Branches:
Dungeon (3/15)

Altars:

Annotations:
D:3 Pargi


Message History

You shoot an arrow. The arrow hits Pargi.
Pargi is moderately wounded.
Pargi bites you. Pargi barely misses you. Pargi claws you but does no damage.
You shoot an arrow. The arrow barely misses Pargi.
Pargi bites you but does no damage. Pargi claws you but does no damage.
Pargi closely misses you.
You shoot an arrow.
The arrow hits Pargi but does no damage.
Pargi is lightly wounded.
Pargi barely misses you. Pargi closely misses you. x2
You shoot an arrow. The arrow hits Pargi.
Pargi is moderately wounded.
Pargi barely misses you. Pargi closely misses you. x2
You shoot an arrow. The arrow hits Pargi.
Pargi is moderately wounded.
Pargi bites you. Pargi claws you but does no damage. Pargi closely misses you.
Pargi barely misses you. Pargi claws you but does no damage.
Pargi barely misses you.
You shoot an arrow. The arrow hits Pargi.
Pargi is moderately wounded.
Pargi misses you. Pargi claws you but does no damage. Pargi claws you.
You shoot an arrow. The arrow hits Pargi.
Pargi is heavily wounded.
Pargi bites you. Pargi closely misses you. x2
1717 ||| READING 5 scrolls of teleportation.
As you read the scroll of teleportation, it crumbles to dust.
You feel strangely unstable. Pargi bites you. Pargi misses you.
Pargi claws you.
1718 ||| DRINKING glowing coppery potion.
It was a potion of attraction.
You feel attractive to monsters. Pargi bites you. Pargi claws you.
Pargi claws you but does no damage.
1719 ||| DRINKING silvery potion.
It was a potion of enlightenment.
You feel very buoyant.
You fly up into the air.
Pargi closely misses you. Pargi claws you. Pargi claws you but does no damage.
1720 ||| DRINKING fizzy silvery potion.
It was a potion of brilliance.
You feel clever all of a sudden. Pargi bites you.
You die...

.. .. .# .#### ....###
#+ #####....... .#
##.##.#.#.......
.#.##...##.#@T.....#
..)...............#.
.................#.#
................#.#
...............#.## #
#..#.#..#...#.##
.#.######...######.#..
#.#...#..#(#..#...#.###
.#....8.......8....#.#


You could see Pargi.

Vanquished Creatures
  2 adders (D:2)
  2 worms (D:2)
  2 dart slugs (D:1)
  An orc (D:3)
  3 ball pythons (D:1)
  9 endoplasms
  3 giant cockroaches
  4 goblins
  7 hobgoblins
  7 jackals (D:3)
  8 kobolds
  8 bats
  A frilled lizard (D:1)
  5 rats
62 creatures vanquished.

Notes
Turn   | Place    | Note
-------+----------+-------------------------------------------
     0 | D:1      | qw the Gargoyle Hunter began the quest for the Orb.
     0 | D:1      | Reached XP level 1. HP: 12/12 MP: 1/1
     0 | D:1      | 0 ||| qw: Version: 0.3-a-106-g2cfff9e
     0 | D:1      | 0 ||| qw: Game counter: 2008
     0 | D:1      | 0 ||| qw: Melee chars always use a shield: true
     0 | D:1      | 0 ||| qw: God list: Okawaru
     0 | D:1      | 0 ||| qw: Allow faded altars: false
     0 | D:1      | 0 ||| qw: Do Orc after clearing Dungeon:15 true
     0 | D:1      | 0 ||| qw: Do second Lair branch before Depths: true
     0 | D:1      | 0 ||| qw: Lair rune preference: random
     0 | D:1      | 0 ||| qw: Goals: Normal, Save, Zot:1-4, Win
     0 | D:1      | 0 ||| PLANNING D:1-11
   213 | D:1      | Reached XP level 2. HP: 17/17 MP: 2/2
   320 | D:1      | Reached XP level 3. HP: 21/21 MP: 3/3
   359 | D:1      | Reached skill level 5 in Ranged Weapons
   721 | D:1      | 721 ||| UPGRADING to +0 ring mail.
   731 | D:1      | 731 ||| DROPPING +0 leather armour.
   732 | D:1      | 732 ||| UPGRADING to +0 pair of gloves.
   737 | D:1      | 737 ||| UPGRADING to +0 pair of boots.
   742 | D:1      | 742 ||| READING 3 scrolls labelled TAEKUKHL UFUIXU.
   745 | D:1      | 745 ||| DROPPING scroll of butterflies.
   980 | D:2      | Reached skill level 1 in Armour
  1027 | D:2      | Reached skill level 3 in Fighting
  1027 | D:2      | Reached XP level 4. HP: 28/28 MP: 4/4
  1395 | D:2      | 1395 ||| UPGRADING to amulet of guardian spirit.
  1400 | D:2      | 1400 ||| UPGRADING to ring of willpower.
  1401 | D:2      | 1401 ||| READING scroll labelled ESMECAZITE.
  1402 | D:2      | 1402 ||| READING 2 scrolls labelled UNYPOHOREA.
  1503 | D:2      | 1503 ||| DROPPING scroll of vulnerability.
  1693 | D:3      | Noticed Pargi
  1716 | D:3      | HP: 7/28 [Pargi (1)]
  1717 | D:3      | 1717 ||| READING 5 scrolls of teleportation.
  1718 | D:3      | 1718 ||| DRINKING glowing coppery potion.
  1719 | D:3      | 1719 ||| DRINKING silvery potion.
  1719 | D:3      | HP: 1/28 [Pargi (3)]
  1720 | D:3      | 1720 ||| DRINKING fizzy silvery potion.
  1720 | D:3      | Slain by Pargi

Levels and vault maps discovered:
D:1:      minmay_arrival_split_and_join, layout_basic, feat_on_display
D:2:      layout_loops_ring
D:3:      wad_pebble_path, layout_loops_ring, uniq_pargi

Skill      XL: |  1  2  3 |
---------------+----------+-----
Ranged Weapons | 5 |  5.4
Armour         | 1 |  1.0
Fighting       | 3 |  3.1
Dodging        | |  1.5
Stealth        | |  1.1

Action                     |  1- 3 |  4- 6 || total
---------------------------+-------+-------++-------
   Fire: Shortbow          |   108 |    84 ||   192
    Use: Scroll            |     1 |     3 ||     4
         Potion            |       |     3 ||     3
 Armour: Leather armour    |    13 |       ||    13
         Ring mail         |    12 |    57 ||    69
  Dodge: Dodged            |    19 |    56 ||    75

Table legend:
 A = Non-vault XP
 B = Vault XP
 C = Vault XP percentage of total XP
 D = Non-vault monster count
 E = Vault monster count
 F = Vault count percentage of total count
                 A         B        C        D         E       F
            +---------+---------+-------+---------+---------+-------
      Total |     144 |       0 |   0.0 |      62 |       0 |   0.0
            +---------+---------+-------+---------+---------+-------
        D:1 |      57 |       0 |   0.0 |      31 |       0 |   0.0
        D:2 |      59 |       0 |   0.0 |      17 |       0 |   0.0
        D:3 |      28 |       0 |   0.0 |      14 |       0 |   0.0
            +---------+---------+-------+---------+---------+-------
